Match 42506297
Unlisted

Match 42506297
End
Panzergrenadier Squad
Panzergrenadier Squad
250 Light Carrier
Construct Light Support Kompanie
Combat Half-tracks
MG34 Team
Fire Support Elements
Pak 38 Mechanized Group
Construct Panzerarmee Kommand
Panzer III L Medium Tank
Veteran Squad Leaders
Selects Italian Infantry
Selects Guastatori Squad
Selects Registered Artillery
Guastatori Squad
Tungsten Core Ammunition
Panzer III L Medium Tank
Selects Defensive Operations
Selects Prepared Positions
Pak 38 Mechanized Group
Panzer III L Medium Tank
Selects Propaganda War
Selects Obice 305mm Barrage
Selects Obice 305mm Barrage
Obice 305mm Barrage
A2O
nateums
Dsadow
김문상
Kanade
Pewpew
Arnie
moon
0
0

Comments sign in to comment!

No comments posted yet!